Map: Deathaura LE

Players

PartinG - Winner!

  • Race: Protoss Protoss
  • League: Grandmaster
  • Spawn Location: 5:00

SpeCial

  • Race: Terran Terran
  • League: Master
  • Spawn Location: 11:00

Event: ASUS ROG Online 2020

VOD

Have the link to the VOD?

Description

Time

  • Played on: Nov. 27, 2020, 8:06 a.m.
  • Length: 14:52

All games in this series

Show
View Real Time Build Order
Export as new Build Order

PartinG Protoss - Winner!

Build Orders: 1 Gate Expand, Dark Templar Rush 

Get SALT Encoding   

  12  0:00  Probe  
  13  0:12  Probe  
  14  0:16  Pylon  
  14  0:24  Probe (Chrono Boost)  
  16  0:36  Gateway, Probe (Chrono Boost)  
  16  0:42  Probe (Chrono Boost)  
  16  0:45  Assimilator  
  17  0:51  Probe  
  18  1:03  Probe  
  19  1:15  Probe  
  20  1:23  Cybernetics Core  
  22  1:32  Nexus  
  20  1:36  Probe  
  21  1:41  Pylon  
  21  1:46  Assimilator  
  21  1:49  Probe  
  21  1:57  Adept (Chrono Boost)  
  21  2:00  Warp Gate  
  24  2:01  Probe (Chrono Boost)  
  24  2:13  Probe (Chrono Boost)  
  25  2:19  Adept  
  25  2:20  Probe (Chrono Boost)  
  28  2:26  Twilight Council  
  28  2:28  Probe  
  29  2:43  Probe (Chrono Boost)  
  31  2:44  Robotics Facility, Probe (Chrono Boost)  
  31  2:54  Probe (Chrono Boost)  
  31  2:56  Probe (Chrono Boost)  
  32  2:59  Probe (Chrono Boost)  
  32  3:05  Probe  
  34  3:10  Probe  
  35  3:13  Dark Shrine  
  35  3:17  Probe  
  35  3:27  Probe  
  35  3:29  Probe  
  35  3:31  Warp Prism (Chrono Boost)  
  37  3:37  Gateway  
  39  3:42  Gateway  
  39  3:44  Probe  
  39  3:46  Probe  
  41  3:51  Stalker  
  43  3:56  Pylon  
  43  4:00  Probe x2  
  45  4:03  Assimilator  
  45  4:05  Assimilator  
  45  4:11  Pylon  
  45  4:12  Probe (Chrono Boost)  
  45  4:16  Probe (Chrono Boost)  
  48  4:24  Probe (Chrono Boost)  
  48  4:27  Probe (Chrono Boost), Dark Templar  
  52  4:32  Dark Templar  
  52  4:33  Probe x2 (Chrono Boost)  
  52  4:35  Observer  
  52  4:37  Dark Templar  
  58  4:45  Pylon, Probe x2  
  60  4:57  Probe x2  
  62  5:06  Pylon  
  60  5:09  Probe x2  
  62  5:19  Blink (Chrono Boost)  
  62  5:20  Nexus  
  57  5:21  Probe x2  
  57  5:25  Robotics Bay  
  57  5:28  Pylon, Observer  
  58  5:33  Stalker x2  
  58  5:34  Stalker  
  58  5:35  Observer  
  65  5:37  Probe x2 (Chrono Boost)  
  67  5:49  Probe x2 (Chrono Boost), Forge  
  69  5:54  Shield Battery, Probe (Chrono Boost)  
  69  5:55  Probe (Chrono Boost)  
  71  6:07  Observer  
  71  6:08  Stalker, Probe x2  
  71  6:09  Stalker x2  
  76  6:26  Probe x2  
  76  6:29  Colossus (Chrono Boost)  
  76  6:32  Protoss Ground Weapons Level 1  
  78  6:36  Probe  
  85  6:40  Probe x2  
  85  6:43  Pylon  
  87  6:49  Extended Thermal Lance, Gateway  
  87  6:51  Gateway  
  87  6:53  Gateway  
  87  6:56  Zealot  
  87  6:57  Zealot  
  87  6:59  Zealot, Observer  
  92  7:06  Probe  
  92  7:07  Probe  
  90  7:13  Probe  
  91  7:21  Colossus  
  97  7:23  Sentry x2, Zealot  
  97  7:24  Charge  
  97  7:27  Gateway  
  97  7:28  Gateway  
  97  7:29  Observer  
  103  7:38  Photon Cannon x2  
  103  7:41  Shield Battery  
  103  7:49  Probe  
  103  7:50  Probe x2  
  106  7:53  Stalker, Observer  
  106  7:56  Pylon  
  106  7:57  Pylon  
  106  7:58  Nexus  
  108  7:59  Pylon  
  108  8:00  Pylon  
  108  8:05  Assimilator  
  108  8:06  Assimilator  
  108  8:12  Colossus (Chrono Boost)  
  108  8:15  Templar Archives  
  114  8:20  Zealot x3  
  114  8:24  Probe x3  
  123  8:31  Zealot x3  
  129  8:38  Stalker x2  
  129  8:40  Protoss Ground Weapons Level 2 (Chrono Boost)  
  133  8:43  Shadow Stride  
  133  8:46  Robotics Facility  
  133  8:48  Forge  
  131  9:07  High Templar x2  
  131  9:08  Zealot x6  
  131  9:09  Observer  
  139  9:11  Protoss Ground Armor Level 1 (Chrono Boost)  
  139  9:12  Archon  
  139  9:15  Shield Battery x2  
  139  9:31  Zealot x6  
  137  9:50  Zealot x2  
  109  9:56  Stalker x6, Colossus (Chrono Boost)  
  109  9:58  Colossus (Chrono Boost)  
  119  10:07  Probe x3  
  119  10:08  Probe  
  119  10:11  Dark Templar x2  
  127  10:19  Observer  
  127  10:22  Zealot x3, Dark Templar  
  127  10:23  Zealot, Dark Templar  
  127  10:24  Observer  
  127  10:27  Pylon  
  139  10:34  Shield Battery  
  137  10:39  Disruptor (Chrono Boost)  
  137  10:40  Disruptor (Chrono Boost)  
  143  10:43  Zealot x5  
  143  10:47  Zealot  
  133  10:57  Protoss Ground Armor Level 2 (Chrono Boost)  
  133  11:01  Zealot x2  
  133  11:03  Zealot x4  
  143  11:06  Disruptor (Chrono Boost)  
  143  11:07  Zealot x2, Disruptor (Chrono Boost)  
  150  11:30  Protoss Ground Weapons Level 3 (Chrono Boost)  
  150  11:36  Probe  
  150  11:37  Warp Prism, Probe x2, Disruptor  
  150  11:49  Nexus  
  150  11:50  Pylon, Probe x4  
  150  11:52  Gateway  
  150  11:53  Gateway, Pylon  
  150  11:54  Pylon  
  154  11:55  Pylon  
  154  12:02  Probe x3  
  154  12:04  Pylon  
  154  12:05  Sentry x2, Assimilator  
  154  12:07  Assimilator  
  161  12:09  Dark Templar x3  
  161  12:12  Dark Templar  
  169  12:17  Photon Cannon  
  169  12:19  Shield Battery  
  169  12:22  Photon Cannon  
  169  12:23  Disruptor x2 (Chrono Boost)  
  175  12:40  Zealot x2  
  175  12:41  Zealot x4  
  175  12:42  Zealot  
  188  12:55  Zealot x3  
  154  13:07  Zealot x7  
  164  13:16  Dark Templar x3  
  168  13:21  Archon  
  168  13:24  Nexus  
  162  13:34  Dark Templar x5  
  131  13:58  Stalker  
  131  13:59  Stalker x4  
  135  14:07  Stalker x4  
  134  14:10  Dark Templar  
  122  14:22  Dark Templar x2  
  115  14:27  Zealot x3  
Show
View Real Time Build Order
Export as new Build Order

SpeCial Terran 

Build Orders:  

Get SALT Encoding   

  12  0:00  SCV  
  13  0:12  SCV  
  14  0:17  Supply Depot  
  14  0:24  SCV  
  15  0:38  SCV  
  15  0:39  Barracks  
  15  0:42  Refinery  
  16  0:50  SCV  
  17  1:02  SCV  
  18  1:14  SCV  
  19  1:26  Marine  
  19  1:27  Orbital Command  
  20  1:42  Command Center  
  20  1:44  Reaper  
  21  1:54  SCV  
  22  1:55  Supply Depot  
  22  2:08  SCV  
  23  2:09  Factory  
  23  2:19  Barracks Reactor  
  23  2:20  SCV  
  24  2:25  Bunker  
  24  2:32  SCV  
  25  2:44  SCV  
  26  2:55  Orbital Command  
  26  2:56  SCV  
  27  2:58  Marine  
  27  2:59  Marine  
  27  3:01  Starport  
  29  3:08  SCV  
  30  3:16  Command Center  
  30  3:23  Marine x2  
  30  3:24  SCV  
  30  3:26  SCV  
  34  3:28  Factory Tech Lab  
  34  3:29  Refinery  
  34  3:32  Refinery  
  34  3:36  SCV  
  34  3:38  SCV  
  34  3:41  Marine x2  
  38  3:49  SCV  
  38  3:50  SCV  
  40  4:00  Supply Depot  
  40  4:01  Factory Tech Lab, SCV, Marine x2  
  40  4:02  SCV  
  44  4:08  Raven  
  46  4:22  SCV x2, Marine x2  
  46  4:23  Supply Depot  
  46  4:24  Barracks, Siege Tank  
  50  4:30  Orbital Command  
  53  4:35  Barracks  
  53  4:36  SCV x2  
  55  4:39  Marine x2  
  57  4:48  SCV x2  
  57  4:50  Supply Depot  
  58  4:53  Viking  
  58  4:57  SCV  
  60  5:00  SCV x2  
  56  5:08  Siege Tank  
  56  5:09  SCV  
  56  5:12  SCV x2  
  61  5:18  Marine  
  61  5:21  SCV  
  58  5:24  SCV  
  58  5:26  SCV  
  58  5:28  Barracks  
  60  5:32  Barracks, Orbital Command  
  61  5:36  SCV  
  61  5:38  SCV  
  62  5:43  Starport Reactor  
  62  5:48  Engineering Bay  
  62  5:49  SCV  
  63  5:51  Orbital Command  
  63  5:52  Stimpack, Marine x3  
  63  5:53  Combat Shield  
  63  5:56  Marine  
  67  5:59  SCV x2  
  67  6:01  SCV  
  69  6:08  Refinery  
  69  6:10  Supply Depot  
  69  6:11  SCV  
  69  6:13  SCV  
  69  6:15  Factory Tech Lab  
  71  6:23  SCV  
  71  6:25  SCV  
  71  6:26  Terran Infantry Weapons Level 1, SCV  
  71  6:28  Marine x2  
  71  6:30  Barracks Reactor, Barracks Tech Lab  
  71  6:31  Marauder  
  76  6:35  SCV  
  76  6:36  Marauder  
  76  6:37  SCV  
  76  6:38  Medivac, SCV  
  76  6:39  Medivac  
  85  6:43  Supply Depot  
  85  6:47  SCV  
  85  6:51  Siege Tank  
  85  6:52  Missile Turret  
  85  6:53  SCV  
  85  6:54  SCV  
  91  6:59  SCV  
  92  7:03  Marine  
  92  7:04  Marine  
  92  7:05  Marauder x2  
  92  7:06  Marauder  
  92  7:07  Concussive Shells  
  100  7:10  Supply Depot  
  100  7:12  SCV  
  101  7:17  SCV x2, Refinery  
  101  7:20  Supply Depot  
  101  7:23  Medivac x2  
  101  7:27  Marine x3  
  101  7:28  Missile Turret  
  108  7:32  Marauder  
  108  7:33  Marauder  
  108  7:36  Marauder  
  114  7:40  Siege Tank  
  114  7:42  SCV x3  
  120  7:47  Supply Depot  
  120  7:49  Supply Depot  
  110  7:52  Marine x4  
  110  7:54  Marauder  
  110  7:56  Viking x2  
  120  7:59  SCV x2  
  120  8:01  SCV  
  123  8:06  Missile Turret  
  123  8:09  Marine x2  
  123  8:10  Marine x2  
  123  8:12  Siege Tank  
  130  8:14  Marauder x2  
  134  8:21  Terran Infantry Armor Level 1  
  134  8:26  Supply Depot  
  134  8:27  Supply Depot x2  
  134  8:28  Supply Depot, Marauder  
  134  8:33  Viking  
  137  8:35  Marauder x2, Viking  
  143  8:41  Marine  
  143  8:42  Marine  
  143  8:44  Marine x2  
  147  8:50  Marauder  
  147  8:51  Refinery  
  149  8:56  Marauder  
  151  9:08  Viking x2  
  151  9:09  Marine x4  
  154  9:11  Siege Tank  
  154  9:14  SCV x3  
  160  9:21  Marauder x3  
  166  9:31  Marine x4  
  167  9:37  Supply Depot x2  
  169  9:42  Marauder, Marine  
  169  9:43  Marauder, Siege Tank  
  166  9:48  Marine  
  166  9:49  Marine  
  147  9:57  Viking x2  
  147  10:00  Marauder, Marine x2  
  147  10:04  Marauder x2, Armory  
  147  10:06  Engineering Bay, SCV, Marine x2  
  147  10:07  SCV  
  159  10:17  Marine  
  159  10:18  Marine  
  160  10:24  Siege Tank, Marine x2  
  167  10:33  Missile Turret, Marine  
  161  10:35  Marauder x2, Marine  
  161  10:36  Marine  
  161  10:39  SCV x3  
  161  10:42  Marine  
  167  10:44  Viking x2  
  167  10:47  Missile Turret  
  171  10:51  Marauder  
  155  10:57  Terran Infantry Armor Level 2, Terran Infantry Weapons Level 2  
  155  11:00  Marine x2  
  155  11:01  Marauder  
  155  11:03  Marine  
  155  11:04  Marauder  
  158  11:11  Marine  
  158  11:13  Marauder  
  158  11:15  Medivac x2  
  165  11:20  Ghost Academy  
  165  11:28  Marine  
  165  11:29  Marine x2  
  165  11:30  Marauder x2  
  171  11:39  Siege Tank  
  167  11:45  Marine  
  163  11:49  Marine x4  
  171  11:57  Enhanced Shockwaves  
  171  12:03  Marine  
  171  12:07  Marine x3  
  175  12:13  Siege Tank  
  175  12:15  Viking  
  180  12:19  Viking  
  180  12:21  Unknown x2  
  182  12:26  Marine x4  
  188  12:30  Marauder  
  188  12:31  Marauder  
  188  12:33  Marauder  
  188  12:45  Siege Tank  
  189  12:57  Marine  
  189  12:58  Marauder  
  166  12:59  Marauder, Marine  
  166  13:02  Marine  
  166  13:03  Marauder  
  162  13:07  Orbital Command  
  162  13:09  Marine  
  162  13:15  Marine  
  162  13:19  Marauder  
  158  13:21  Marauder  
  158  13:26  Marine x2  
  158  13:27  Marauder  
  163  13:32  Siege Tank  
  163  13:51  Marine  
  163  13:52  Marauder  
  118  13:58  Marine  
  112  14:09  Medivac  
  92  14:18  Marauder, Marine  
  92  14:22  Marauder  
Tags
 
Add a new tag
Caveats
  • Supply blocks, unpowered buildings, or Contaminate may cause inaccurate times.
  • Supply counts are checked every 10 seconds.